Map: Submarine LE

Players

llllllllllll - Winner!

  • Race: Terran Terran
  • League: Master
  • Spawn Location: 5:00

ItWasUnlucky

  • Race: Terran Terran
  • League: Bronze
  • Spawn Location: 11:00

VOD

Have the link to the VOD?

Description

Time

  • Played on: March 31, 2021, 2:51 a.m.
  • Length: 20:00
Show
View Real Time Build Order
Export as new Build Order

llllllllllll Terran - Winner!

Build Orders:  

Get SALT Encoding   

  12  0:00  SCV  
  13  0:12  SCV  
  14  0:17  Supply Depot  
  14  0:24  SCV  
  15  0:38  SCV  
  15  0:40  Barracks  
  16  0:44  Refinery  
  16  0:50  SCV  
  16  0:53  Refinery  
  17  1:02  SCV  
  18  1:14  SCV  
  19  1:27  Orbital Command, Reaper  
  20  1:33  Supply Depot  
  20  1:43  Factory  
  20  1:53  SCV  
  21  1:59  Reaper  
  22  2:05  SCV  
  22  2:17  SCV  
  23  2:28  Hellion  
  23  2:29  SCV  
  26  2:30  Command Center  
  26  2:33  Barracks Reactor  
  26  2:42  SCV  
  27  2:45  Starport  
  27  2:51  Factory Tech Lab  
  27  2:52  Supply Depot  
  27  2:55  SCV  
  28  3:08  SCV  
  28  3:10  Marine x2  
  31  3:14  Siege Tank  
  34  3:24  SCV  
  34  3:25  Medivac  
  37  3:30  Marine x2  
  37  3:42  SCV  
  37  3:47  Marine  
  39  3:52  Marine  
  39  4:02  Starport Tech Lab, Cyclone, SCV  
  43  4:03  Orbital Command  
  43  4:11  Marine x2  
  45  4:19  SCV  
  43  4:31  SCV  
  43  4:32  SCV  
  43  4:33  Marine x2  
  43  4:34  Siege Tank  
  48  4:43  Refinery, SCV  
  48  4:44  SCV  
  50  4:46  Supply Depot  
  50  4:51  Marine x2  
  52  4:56  SCV  
  51  5:05  SCV  
  50  5:08  SCV  
  50  5:09  Marine x2  
  50  5:11  Raven  
  52  5:17  Refinery, SCV  
  52  5:18  Siege Tank  
  52  5:20  SCV  
  57  5:28  Command Center  
  57  5:29  SCV  
  57  5:32  SCV  
  59  5:41  SCV  
  60  5:44  SCV  
  60  5:46  Marine  
  62  5:51  Supply Depot x2  
  62  6:02  Marine, SCV x2  
  62  6:12  Siege Tank  
  62  6:13  Raven  
  62  6:14  SCV x2  
  69  6:22  Marine x2  
  71  6:26  SCV x2  
  71  6:32  Barracks  
  73  6:38  SCV x2  
  75  6:40  Marine x2  
  75  6:42  Orbital Command  
  75  6:43  Barracks  
  75  6:46  Siege Tank  
  80  6:54  Engineering Bay x2  
  80  7:02  SCV x2  
  80  7:08  Supply Depot x2  
  81  7:16  Marine x2  
  81  7:18  SCV x2  
  81  7:21  Starport Reactor, Orbital Command  
  85  7:24  Siege Tank  
  85  7:25  Terran Infantry Armor Level 1, Terran Infantry Weapons Level 1  
  88  7:32  Barracks Reactor  
  88  7:34  Marine x2  
  88  7:35  Missile Turret  
  90  7:39  Missile Turret x3  
  90  7:40  Supply Depot  
  90  7:41  Supply Depot, SCV  
  90  7:42  SCV  
  90  7:44  Stimpack, Marine  
  93  7:52  SCV  
  93  7:54  SCV x2  
  96  7:59  Barracks  
  96  8:04  SCV  
  97  8:06  SCV x2  
  97  8:09  Barracks  
  97  8:10  Marine  
  97  8:11  Marine x4  
  104  8:16  SCV  
  104  8:18  SCV x2  
  104  8:19  Medivac x2, Refinery x2  
  110  8:21  Siege Tank  
  113  8:28  Sensor Tower  
  113  8:29  Missile Turret  
  113  8:32  Marine x5, Missile Turret  
  118  8:34  SCV  
  118  8:35  SCV x2  
  121  8:47  SCV x3  
  122  8:50  Marine x3  
  122  8:52  Barracks Reactor  
  125  8:55  Marine  
  125  8:56  Siege Tank, Supply Depot, Medivac x2  
  125  8:57  Supply Depot  
  133  9:07  Armory  
  133  9:16  Barracks Reactor  
  133  9:17  Marine x5  
  133  9:22  Command Center  
  133  9:23  Combat Shield  
  118  9:34  Marine x2  
  118  9:35  Marine x4, Siege Tank  
  117  9:39  SCV x3  
  117  9:42  Marine  
  117  9:44  Medivac x2  
  122  9:51  SCV  
  122  9:52  Marine x2  
  125  9:53  Marine x6  
  131  10:00  Marine  
  131  10:02  Command Center  
  131  10:07  Siege Tank, Terran Infantry Armor Level 2, Terran Infantry Weapons Level 2  
  132  10:09  SCV x2  
  132  10:10  Marine x2  
  132  10:11  Marine x3  
  132  10:14  Marine, Medivac x2  
  147  10:26  Marine x2  
  149  10:30  Marine x2  
  149  10:49  Supply Depot x2  
  149  10:52  Supply Depot  
  149  11:10  Marine x6, Medivac x2  
  149  11:11  Siege Tank  
  162  11:13  Marine  
  162  11:14  Marine x2  
  162  11:28  Marine x6  
  162  11:30  SCV x2  
  162  11:31  Marine  
  162  11:32  Marine x2  
  143  11:40  SCV  
  143  11:43  Siege Tank  
  143  11:46  Marine x6  
  131  11:49  Marine  
  131  11:50  Marine x2  
  122  11:55  Medivac x2  
  122  11:59  Barracks  
  122  12:01  Barracks, Terran Vehicle Weapons Level 1, Factory  
  126  12:03  Marine x4, Barracks  
  126  12:04  Marine x2  
  126  12:07  Marine x3  
  135  12:15  Siege Tank  
  138  12:16  SCV x2  
  138  12:21  Marine x4  
  138  12:22  Marine x2, SCV  
  134  12:23  SCV  
  134  12:25  Marine x3  
  136  12:31  Refinery  
  136  12:32  Refinery  
  136  12:37  Sensor Tower, Missile Turret  
  136  12:39  Marine x6, Medivac x2  
  136  12:43  Marine x2  
  149  12:47  Siege Tank  
  149  12:48  SCV x2  
  148  12:57  Marine x5  
  152  12:58  Barracks Reactor  
  152  12:59  Marine x3, Barracks Reactor  
  152  13:00  Marine, Factory Tech Lab  
  152  13:01  Marine  
  157  13:09  Medivac  
  157  13:11  Medivac  
  161  13:15  Marine x5  
  161  13:17  Marine x3  
  161  13:18  Planetary Fortress, Marine  
  161  13:19  Marine, Siege Tank  
  169  13:32  Marine x3  
  169  13:33  Marine x2  
  173  13:35  Marine x3  
  173  13:36  Marine x6  
  173  13:37  Siege Tank  
  173  13:38  Medivac  
  176  13:50  Marine x3  
  176  13:51  Marine x2, Siege Tank  
  176  13:53  Command Center  
  176  13:54  Terran Infantry Weapons Level 3, Terran Infantry Armor Level 3  
  184  13:59  SCV  
  176  14:04  SCV  
  176  14:08  SCV  
  176  14:09  Marine x8  
  137  14:10  Marine x4  
  137  14:12  Marine x2  
  137  14:14  Siege Tank  
  143  14:18  SCV x2  
  136  14:27  Marine x6  
  136  14:28  Marine x3  
  139  14:44  Marine  
  139  14:45  Marine x9  
  140  14:55  Marine x4  
  140  14:57  Siege Tank x2  
  138  15:02  Marine x3  
  138  15:03  Marine x7  
  141  15:13  Marine x4  
  145  15:15  Medivac x2  
  145  15:20  Marine x6  
  145  15:21  Marine x4  
  159  15:30  Marine  
  159  15:31  Marine  
  159  15:32  Marine  
  159  15:33  Marine  
  159  15:34  Siege Tank  
  166  15:38  Marine x9  
  166  15:41  Siege Tank  
  178  15:48  Missile Turret  
  178  15:49  Missile Turret  
  178  15:56  Starport  
  178  15:57  Starport  
  178  15:58  Marine  
  178  15:59  Marine x3  
  181  16:06  Siege Tank, Viking  
  181  16:07  Viking  
  188  16:26  Terran Vehicle Weapons Level 2  
  188  16:45  Marine x3  
  188  16:46  Marine x3, Missile Turret, SCV  
  188  16:47  SCV  
  188  16:49  Marine x8  
  161  17:02  Marine x2  
  161  17:03  Marine x2  
  161  17:04  Marine x2  
  161  17:06  Marine  
  161  17:07  Marine x7  
  169  17:20  Marine x2  
  169  17:21  Marine x3  
  169  17:22  Marine, Siege Tank x2  
  181  17:24  Marine  
  181  17:25  Marine x6, Starport Tech Lab, Starport Reactor  
  188  17:56  Corvid Reactor  
  188  18:00  Supply Depot x2  
  188  18:01  Marine, Viking, Raven, Siege Tank  
  188  18:02  Command Center  
  188  18:04  Viking  
  172  18:29  Marine  
  172  18:30  Marine x2  
  172  18:31  Viking  
  175  18:40  Viking  
  175  18:41  Siege Tank x2  
  175  18:42  Marine x3  
  175  18:44  Viking  
  186  19:03  Marine  
  186  19:04  Marine x7  
  194  19:13  Raven  
  196  19:19  Marine  
  196  19:20  Marine x3  
  198  19:38  Marine x2  
Show
View Real Time Build Order
Export as new Build Order

ItWasUnlucky Terran 

Build Orders:  

Get SALT Encoding   

  12  0:00  SCV  
  13  0:12  SCV  
  14  0:17  Supply Depot  
  14  0:24  SCV  
  14  0:28  Refinery  
  15  0:38  SCV  
  16  0:44  Barracks  
  16  0:50  SCV  
  16  0:54  Refinery  
  17  1:03  SCV  
  18  1:15  SCV  
  19  1:31  Orbital Command, Reaper  
  20  1:37  Factory  
  20  1:46  Supply Depot  
  20  1:58  SCV  
  21  2:03  Reaper  
  22  2:10  SCV  
  23  2:21  Hellion  
  23  2:22  SCV  
  26  2:32  Command Center  
  26  2:35  Reaper  
  27  2:37  Supply Depot  
  27  2:40  SCV  
  28  2:47  Hellion  
  30  2:53  Starport  
  30  2:55  SCV  
  31  3:07  SCV  
  31  3:09  Factory Tech Lab, Barracks Reactor  
  32  3:19  Supply Depot, SCV  
  33  3:31  SCV  
  34  3:38  Cyclone  
  37  3:43  SCV  
  37  3:44  Refinery  
  37  3:45  Orbital Command  
  38  3:54  Medivac  
  38  3:55  SCV  
  41  4:03  Marine x2  
  41  4:07  SCV  
  44  4:13  Siege Tank  
  44  4:16  SCV  
  48  4:19  SCV  
  48  4:21  Marine x2  
  51  4:28  SCV  
  49  4:32  SCV  
  50  4:40  Marine x2, SCV  
  50  4:44  SCV  
  54  4:45  Viking  
  54  4:52  SCV  
  57  4:56  Command Center, SCV  
  58  5:00  Siege Tank  
  58  5:04  SCV  
  60  5:08  SCV  
  61  5:14  Supply Depot  
  61  5:16  SCV  
  61  5:18  Starport Tech Lab  
  62  5:21  Engineering Bay  
  62  5:24  Engineering Bay  
  62  5:35  Marine x2  
  62  5:36  SCV  
  64  5:45  SCV  
  64  5:47  Siege Tank  
  64  5:48  Barracks, Raven, SCV  
  64  5:49  Barracks  
  70  6:03  SCV  
  70  6:04  Marine, SCV  
  67  6:12  Refinery  
  67  6:13  Marine  
  67  6:14  Terran Infantry Weapons Level 1, Terran Infantry Armor Level 1  
  67  6:20  SCV x2  
  69  6:28  Siege Tank  
  69  6:30  Barracks, Raven  
  69  6:31  Barracks  
  69  6:32  SCV  
  75  6:35  Orbital Command  
  75  6:36  SCV  
  75  6:39  Barracks Reactor x2  
  76  6:44  SCV  
  77  6:48  SCV  
  78  6:56  SCV  
  78  6:57  Marine x2  
  78  7:01  SCV  
  82  7:02  Siege Tank, Supply Depot  
  82  7:04  Supply Depot  
  85  7:14  Supply Depot  
  85  7:18  Barracks Reactor x2  
  85  7:21  Refinery  
  85  7:22  Refinery  
  85  7:24  SCV x3  
  85  7:25  Supply Depot  
  85  7:26  Armory  
  87  7:30  Marine x2  
  87  7:31  Marine x3  
  87  7:34  Stimpack  
  87  7:36  SCV x3  
  95  7:43  Sensor Tower  
  95  7:46  Siege Tank  
  95  7:48  SCV x3  
  95  7:50  Viking  
  103  7:51  Marine  
  103  7:52  Marine x2  
  103  7:54  Marine x3, Viking  
  103  7:55  Marine x3  
  114  7:59  Supply Depot  
  114  8:00  Supply Depot, SCV x3  
  117  8:07  Supply Depot x2  
  117  8:10  Marine x2, Supply Depot  
  117  8:12  Marine, SCV x2  
  123  8:13  Supply Depot  
  123  8:14  Marine  
  123  8:19  Terran Infantry Armor Level 2  
  125  8:20  Marine x2  
  125  8:21  Terran Infantry Weapons Level 2  
  125  8:22  Marine  
  125  8:26  SCV x2  
  127  8:33  Marine  
  127  8:34  Marine x2, Supply Depot x2  
  128  8:35  Marine  
  128  8:38  Siege Tank  
  128  8:39  Viking  
  136  8:43  Marine x3  
  136  8:44  Marine  
  136  8:46  Marine  
  136  8:48  Viking  
  143  8:51  Marine x2  
  143  8:53  Marine x2  
  147  8:59  Supply Depot  
  147  9:00  Marine  
  147  9:01  Marine x2  
  147  9:02  Marine  
  150  9:10  Marine x2  
  150  9:11  Marine, Command Center  
  150  9:12  Siege Tank  
  156  9:19  Factory  
  156  9:20  Marine  
  156  9:21  Marine  
  152  9:33  Marine  
  152  9:34  Marine x3  
  152  9:35  Marine  
  132  9:39  Marine x2  
  132  9:40  Marine x2  
  132  9:41  Viking x2  
  132  9:44  Siege Tank  
  143  9:50  Marine  
  143  9:52  Marine x3  
  144  9:54  Marine  
  144  9:57  Marine x4  
  144  9:58  Supply Depot  
  151  10:03  Combat Shield  
  151  10:05  Factory Tech Lab  
  151  10:08  Marine  
  151  10:10  Marine x3  
  151  10:11  Marine  
  156  10:14  Medivac  
  156  10:15  Marine x2, Medivac  
  156  10:16  Siege Tank  
  165  10:24  Marine x2  
  165  10:26  Marine  
  165  10:28  Marine x3  
  169  10:29  Marine  
  169  10:33  Marine x2  
  173  10:40  Siege Tank  
  173  10:41  Marine  
  173  10:42  Marine  
  178  10:44  Marine  
  178  10:45  Marine  
  178  10:46  Marine x2  
  178  10:47  Refinery  
  178  10:48  Refinery  
  178  10:49  Marine  
  183  10:50  Marine  
  183  10:51  Marine  
  183  10:52  Terran Infantry Armor Level 3  
  183  10:53  Terran Infantry Weapons Level 3  
  185  10:59  Marine, Medivac x2  
  190  11:07  Marine  
  178  11:25  Marine  
  178  11:26  Marine x8  
  178  11:29  Sensor Tower  
  139  11:43  Marine x2  
  139  11:44  Marine x7  
  126  11:59  SCV x2  
  126  12:00  Planetary Fortress  
  126  12:01  Marine x6, Supply Depot  
  128  12:02  Marine x3, Siege Tank x2  
  128  12:03  Viking  
  145  12:19  Marine x8  
  145  12:22  Marine  
  134  12:25  Viking  
  126  12:34  Siege Tank  
  126  12:35  Siege Tank  
  126  12:37  Marine x8  
  132  12:40  Marine, Viking  
  138  12:54  Marine  
  138  12:55  Marine x7, Viking  
  138  12:58  Marine  
  143  13:07  Siege Tank x2  
  143  13:10  Viking  
  143  13:12  Marine  
  151  13:13  Marine x7  
  151  13:15  Marine  
  152  13:30  Marine x6  
  152  13:31  Marine x2  
  152  13:33  Marine  
  160  13:39  Siege Tank x2  
  165  13:43  SCV x2  
  165  13:44  SCV  
  165  13:48  Marine x7  
  166  13:51  Marine x2  
  172  14:01  Command Center x2  
  172  14:02  Sensor Tower  
  160  14:06  Marine x7  
  160  14:08  Marine  
  136  14:14  Marine  
  134  14:24  Marine x6  
  127  14:27  Marine  
  127  14:28  Marine  
  131  14:32  Marine  
  132  14:41  Marine  
  132  14:42  Marine  
  134  14:46  Barracks  
  134  14:48  Barracks  
  134  14:49  Barracks  
  118  15:02  Marine x5  
  118  15:03  Siege Tank  
  119  15:09  Marine  
  119  15:10  Marine x3  
  119  15:11  Siege Tank  
  125  15:15  Hi-Sec Auto Tracking  
  125  15:16  Neosteel Armor  
  125  15:19  Liberator x2  
  125  15:20  Marine x5  
  136  15:27  Marine  
  136  15:28  Marine x3  
  140  15:35  Siege Tank  
  143  15:36  Marine x3  
  143  15:37  Marine  
  143  15:38  Marine x4  
  151  15:45  Marine x2  
  151  15:46  Marine x2  
  155  15:54  Marine  
  155  15:55  Marine x7  
  155  15:56  Siege Tank  
  166  16:02  Viking x2  
  166  16:03  Marine  
  171  16:08  Marine  
  171  16:10  Marine x2  
  174  16:12  Marine x3  
  174  16:13  Marine  
  174  16:28  Command Center  
  174  16:30  Marine  
  174  16:31  Marine  
  174  16:32  Medivac  
  178  16:34  Marine, Command Center  
  178  16:35  Marine  
  180  16:40  Marine x2  
  180  16:41  Marine  
  180  16:46  Marine x2  
  171  16:49  Marine x2  
  151  16:57  Marine x5  
  151  16:58  Marine  
  149  17:10  Marine x2  
  149  17:11  Marine x3  
  149  17:14  Marine x2  
  151  17:20  Marine x5  
  155  17:30  Marine  
  155  17:35  Marine x6  
  162  17:38  Marine  
  162  17:43  Marine x4  
  167  17:48  Marine  
  165  17:53  Marine x5  
  170  18:03  Marine x3  
  170  18:04  Marine x2  
  175  18:09  Marine  
  175  18:13  Marine x2  
  173  18:23  Marine x2  
  168  18:29  Marine  
  168  18:30  Barracks Reactor  
  160  18:37  Marine x3  
  160  18:38  Marine x5, Siege Tank  
  160  18:41  Marine x2  
  157  18:43  Viking x2  
  157  18:46  Starport  
  163  18:51  Starport  
  163  18:53  Refinery  
  163  19:14  SCV  
  153  19:18  Marine  
  153  19:19  Marine x3  
  153  19:23  Siege Tank x2, Viking x2  
  132  19:40  SCV x4  
Tags
 
Matchup
TvT
Race
Terran
Spawn Locations
Cross Positions
Add a new tag
Caveats
  • Supply blocks, unpowered buildings, or Contaminate may cause inaccurate times.
  • Supply counts are checked every 10 seconds.